[Event "Titled Tuesday Blitz February 07 Early 2023"]
[White "Levitan, Caleb Levi"]
[Black "Hajiyev, Kanan"]
[WhiteFideId "14332620"]
[BlackFideId "13404148"]
[WhiteElo "2129"]
[BlackElo "2197"]
[Result "1-0"]
[Round "08"]
[TimeControl "180+2"]
[Date "2023.02.07"]
[WhiteClock "0:00:10"]
[BlackClock "0:00:19"]

1. d4 d5 2. Bf4 c5 3. e3 cxd4 4. exd4 Nc6 5. c3 Nf6 6. Nd2 Bg4 7. Qb3 Qb6 8. Bd3 e6 9. Ngf3 Be7 10. O-O O-O 11. Ne5 Nxe5 12. Bxe5 Bh5 13. Rfe1 Rfc8 14. f4 Nd7 15. f5 Nxe5 16. Rxe5 Bd6 17. Ree1 Bf4 18. Nf1 Qxb3 19. axb3 exf5 20. Bxf5 Rc7 21. g3 Bd6 22. Ne3 Bg6 23. Bxg6 hxg6 24. Nxd5 Rcc8 25. Ne7+ Bxe7 26. Rxe7 Rcb8 27. b4 Kf8 28. Rc7 a6 29. Re1 Re8 30. Rxe8+ Rxe8 31. Rxb7 Re2 32. Ra7 Rxb2 33. Rxa6 Rc2 34. Rc6 Ke7 35. b5 Kd7 36. c4 g5 37. d5 g4 38. c5 Rb2 39. b6 f5 40. Rc7+ Kd8 41. d6 g5 42. c6 Rxb6 43. Kf2 Rb2+ 44. Ke3 Rc2 45. Kd3 Rc1 46. Kd4 f4 47. gxf4 gxf4 48. Kd5 Rd1+ 49. Ke6 Re1+ 50. Kf6 Rd1 51. Rd7+ Kc8 52. Ke7 Re1+ 53. Kf8 Rd1 54. Ke8 Re1+ 55. Re7 Rd1 56. d7+ Kc7 57. d8=Q+ Kxc6 58. Qxd1 f3 59. Re6+ Kc5 60. Qd6+ 1-0


[Site "https://www.chess.com"]

[Event "Titled Tuesday Blitz February 07 Early 2023"]
[White "Degenbaev, Aziz"]
[Black "Bruned, Boris"]
[WhiteFideId "13802640"]
[BlackFideId "621790"]
[WhiteElo "2203"]
[BlackElo "2133"]
[Result "1-0"]
[Round "08"]
[TimeControl "180+2"]
[Date "2023.02.07"]
[WhiteClock "0:00:07"]
[BlackClock "0:00:03"]

1. e4 b6 2. d4 Bb7 3. Nc3 e6 4. a3 Nf6 5. Bd3 c5 6. Nf3 cxd4 7. Nxd4 Bc5 8. Nb3 O-O 9. O-O Qc7 10. Nxc5 bxc5 11. Bg5 c4 12. Bxf6 gxf6 13. Be2 Kh8 14. Qd4 Qe5 15. Qxe5 fxe5 16. Bxc4 Nc6 17. Nb5 Na5 18. Bd3 d5 19. Nd6 Bc6 20. b4 Nb7 21. Nxb7 Bxb7 22. Rfe1 f6 23. exd5 exd5 24. c4 dxc4 25. Bxc4 Rac8 26. Be6 Rc6 27. Bd5 Rc7 28. Bxb7 Rxb7 29. Rac1 a5 30. bxa5 Rb5 31. a4 Rxa5 32. Rc4 Rfa8 33. Ree4 f5 34. Rh4 R8a7 35. h3 Kg7 36. Rb4 f4 37. Rg4+ Kf6 38. Rb6+ Kf7 39. Rh6 Kf8 40. Rh5 Kf7 41. Rgg5 Kf6 42. Rf5+ 1-0


[Site "https://www.chess.com"]

[Event "Titled Tuesday Blitz February 07 Early 2023"]
[White "Sai Han Thiha"]
[Black "Fan_Of_Chucky"]
[WhiteFideId "13012290"]
[WhiteElo "2070"]
[BlackElo "2269"]
[Result "1/2-1/2"]
[Round "08"]
[TimeControl "180+2"]
[Date "2023.02.07"]
[WhiteClock "0:00:05"]
[BlackClock "0:00:04"]

1. d4 Nf6 2. c4 c5 3. d5 b5 4. cxb5 a6 5. bxa6 e6 6. dxe6 fxe6 7. Nc3 d5 8. e4 Bxa6 9. Bxa6 Rxa6 10. exd5 exd5 11. Nf3 d4 12. Ne2 Bd6 13. O-O O-O 14. b4 d3 15. Qb3+ Kh8 16. Nf4 Bxf4 17. Bxf4 Nd5 18. Bg3 Nxb4 19. Ne5 Qf6 20. Nxd3 N8c6 21. Nxc5 Ra5 22. Ne4 Qg6 23. Nd6 Nc2 24. Rac1 N6d4 25. Qb7 Ne2+ 26. Kh1 Nxc1 27. Rxc1 Rg5 28. Qb1 Rxg3 29. hxg3 Qxd6 30. Qxc2 Qh6+ 31. Kg1 Qb6 32. a4 Qa7 33. Ra1 h6 34. a5 Rf6 35. a6 Qd4 36. Qa2 Rxf2 37. Qxf2 Qxa1+ 38. Kh2 Qxa6 39. Qf8+ Kh7 40. Qf5+ Qg6 41. Qxg6+ Kxg6 42. g4 Kg5 43. Kg3 h5 44. gxh5 Kxh5 45. Kh3 Kg5 46. Kg3 Kf5 47. Kf3 g5 48. Kg3 g4 49. Kh4 Kf4 50. Kh5 Kg3 51. Kg5 Kxg2 52. Kxg4 1/2-1/2


[Site "https://www.chess.com"]

[Event "Titled Tuesday Blitz February 07 Early 2023"]
[White "Ilinca Ilinca, Felix Antonio"]
[Black "Kostiukov, Alexandr"]
[WhiteFideId "54764998"]
[BlackFideId "14108100"]
[WhiteElo "2266"]
[BlackElo "2271"]
[Result "1-0"]
[Round "08"]
[TimeControl "180+2"]
[Date "2023.02.07"]
[WhiteClock "0:01:31"]
[BlackClock "0:00:05"]

1. e4 c5 2. Nf3 g6 3. d4 cxd4 4. Nxd4 Bg7 5. Nc3 Nc6 6. Be3 Nf6 7. Nxc6 bxc6 8. e5 Ng8 9. f4 f6 10. Bc4 fxe5 11. fxe5 Bxe5 12. Qf3 Nf6 13. O-O d5 14. Bb3 O-O 15. Bh6 Rf7 16. Rae1 Qd6 17. h3 Ba6 18. Rf2 Bg3 19. Bf4 Bxf2+ 20. Qxf2 Ng4 21. Bxd6 Nxf2 22. Rxe7 Rxe7 23. Bxe7 Ne4 24. Nxe4 Re8 25. Nf6+ Kf7 26. Nxe8 Kxe7 27. Nc7 Bc8 28. c4 Kd6 29. Ne8+ Ke7 30. Ng7 d4 31. c5 Kf6 32. Ne8+ Ke5 33. Kf2 Bf5 34. Ke2 Be4 35. g3 Bd5 36. Bxd5 Kxd5 37. Kd3 Kxc5 38. Nf6 a5 39. g4 h6 40. h4 g5 41. h5 a4 42. a3 Kb5 43. Kxd4 c5+ 44. Kd3 c4+ 45. Kc3 Kc5 46. Ng8 Kd5 47. Nxh6 Ke4 48. Nf7 Kf4 49. h6 Kxg4 50. h7 1-0


[Site "https://www.chess.com"]

[Event "Titled Tuesday Blitz February 07 Early 2023"]
[White "Nur-Mukhametova, Alisa"]
[Black "Larina, Maria"]
[WhiteFideId "54117739"]
[BlackFideId "24113182"]
[WhiteElo "2170"]
[BlackElo "1948"]
[Result "1-0"]
[Round "08"]
[TimeControl "180+2"]
[Date "2023.02.07"]
[WhiteClock "0:00:06"]
[BlackClock "0:00:04"]

1. Nf3 f5 2. g3 Nf6 3. Bg2 g6 4. O-O Bg7 5. d3 d6 6. Nc3 e5 7. e4 O-O 8. Re1 Nc6 9. a3 f4 10. d4 Bg4 11. dxe5 Nxe5 12. gxf4 Nxf3+ 13. Bxf3 Bxf3 14. Qxf3 Nh5 15. Qg4 c6 16. Be3 Qe7 17. Rad1 Rad8 18. Qg5 Bf6 19. Qg4 Bg7 20. Kh1 Nf6 21. Qg2 Rfe8 22. f3 Nh5 23. Qg4 Rf8 24. f5 Nf6 25. Qg5 gxf5 26. Qxf5 Nd5 27. Nxd5 cxd5 28. Qxd5+ Kh8 29. Bd4 Rg8 30. Rg1 Be5 31. Bxe5+ dxe5 32. Rxg8+ Rxg8 33. Qd6 Qg7 34. Qd2 h5 35. Qf2 Qg5 36. Rg1 Qd8 37. Rxg8+ Kxg8 38. Qg3+ Kh7 39. Qxe5 Qd1+ 40. Kg2 Qxc2+ 41. Kh3 Qf2 42. Qxh5+ Kg7 43. Qg4+ Kf7 44. Qf5+ Ke7 45. b4 Qb2 46. Qc5+ Kd7 47. Qxa7 Qc1 48. Qxb7+ Ke6 49. Qb6+ Ke7 50. Qf2 Qh6+ 51. Kg2 Qg6+ 52. Qg3 Qe6 53. h4 Qa2+ 54. Kh3 Qxa3 55. Qg5+ Kf7 56. Qf5+ Ke8 57. b5 Qb4 58. h5 Ke7 59. h6 Qb2 60. Qg5+ Kf7 61. Qh5+ Kg8 62. Qg6+ Kf8 63. Qg7+ Qxg7 64. hxg7+ Kxg7 65. b6 Kf6 66. b7 Ke6 67. b8=Q Kd7 68. Qb6 Ke7 69. e5 Kd7 70. Qd6+ 1-0


[Site "https://www.chess.com"]

[Event "Titled Tuesday Blitz February 07 Early 2023"]
[White "ritanovikova"]
[Black "Dilmukhametov, Artur"]
[BlackFideId "24179922"]
[WhiteElo "2202"]
[BlackElo "2276"]
[Result "1/2-1/2"]
[Round "08"]
[TimeControl "180+2"]
[Date "2023.02.07"]
[WhiteClock "0:00:31"]
[BlackClock "0:00:15"]

1. e4 c5 2. Nc3 e6 3. d3 d5 4. g3 Nf6 5. Nge2 b6 6. Bg2 Bb7 7. exd5 Nxd5 8. Nxd5 Bxd5 9. f3 Be7 10. Nc3 Bb7 11. O-O h5 12. h4 a6 13. a4 Nd7 14. Qe2 Nf6 15. Ne4 Nd5 16. Bd2 Qc7 17. f4 Nf6 18. Bc3 Rh6 19. f5 exf5 20. Nxf6+ gxf6 21. Rae1 Bxg2 22. Kxg2 Rg6 23. Rf4 O-O-O 24. Qf3 Bd6 25. Qa8+ Kd7 26. Qd5 Rdg8 27. Qxf5+ Kc6 28. Qe4+ Kd7 29. Qf5+ Kc6 30. Qe4+ Kd7 31. Qf5+ 1/2-1/2


[Site "https://www.chess.com"]

[Event "Titled Tuesday Blitz February 07 Early 2023"]
[White "Miszler, Levente"]
[Black "Skliarov, Viktor"]
[WhiteFideId "763276"]
[BlackFideId "14106736"]
[WhiteElo "2271"]
[BlackElo "2383"]
[Result "0-1"]
[Round "08"]
[TimeControl "180+2"]
[Date "2023.02.07"]
[WhiteClock "0:00:13"]
[BlackClock "0:00:26"]

1. Nf3 g6 2. c4 Bg7 3. Nc3 c5 4. g3 Nc6 5. Bg2 Nf6 6. O-O O-O 7. d3 d5 8. cxd5 Nxd5 9. Nxd5 Qxd5 10. Be3 Qd6 11. Rc1 Nd4 12. Nxd4 cxd4 13. Bf4 e5 14. Bd2 Qb6 15. Qb3 Be6 16. Qa3 Rfc8 17. Ba5 Qb5 18. Qb4 Qxb4 19. Bxb4 Rxc1 20. Rxc1 a5 21. Bd6 Bxa2 22. Bxb7 Re8 23. Rc8 Rxc8 24. Bxc8 f6 25. Bd7 Bb3 26. Kf1 Bf8 27. Bxf8 Kxf8 28. Ke1 Ke7 29. Bb5 Kd6 30. Kd2 f5 31. e3 Kc5 32. Be8 Kd6 33. f4 Ke6 34. Bb5 Kd6 35. fxe5+ Kxe5 36. Bc4 Bxc4 37. dxc4 dxe3+ 38. Kxe3 a4 39. h4 h6 40. Kd3 g5 41. h5 f4 42. gxf4+ gxf4 43. c5 Kd5 44. c6 Kxc6 45. Ke4 Kc5 46. Kxf4 Kc4 47. Kf5 Kb3 48. Kg6 Kxb2 49. Kxh6 a3 50. Kh7 a2 51. h6 a1=Q 52. Kg8 Qa8+ 53. Kg7 Qb7+ 54. Kg8 Qc8+ 55. Kg7 Qd7+ 56. Kg8 Qe8+ 57. Kg7 Qe5+ 58. Kg8 Qg5+ 59. Kh7 Kc3 0-1


[Site "https://www.chess.com"]

[Event "Titled Tuesday Blitz February 07 Early 2023"]
[White "Alfaro, William"]
[Black "Royal, Shreyas"]
[WhiteFideId "6100457"]
[BlackFideId "448869"]
[WhiteElo "2134"]
[BlackElo "2438"]
[Result "0-1"]
[Round "08"]
[TimeControl "180+2"]
[Date "2023.02.07"]
[WhiteClock "0:01:04"]
[BlackClock "0:02:00"]

1. e4 c5 2. Nf3 d6 3. d4 cxd4 4. Nxd4 Nf6 5. Nc3 a6 6. Bg5 e6 7. f4 Qb6 8. a3 Nc6 9. Nxc6 Qxc6 10. Bd3 Be7 11. Bh4 b5 12. O-O Bb7 13. Qe2 e5 14. Bxf6 Bxf6 15. Nd5 Qc5+ 16. Kh1 Bxd5 17. exd5 O-O 18. f5 e4 19. Qxe4 Rfe8 20. Qf3 Bxb2 21. Rae1 Bf6 22. g4 h6 23. Kg2 Qxa3 24. Kg3 Qc3 25. Rxe8+ Rxe8 26. h4 Qd4 27. g5 hxg5 28. hxg5 Bxg5 29. f6 Re3 30. fxg7 Qf4+ 31. Kg2 Rxf3 32. Rxf3 Qd2+ 33. Rf2 Qe3 34. Rf3 Qe5 35. Rf5 Qe7 36. Kg3 Kxg7 37. Kg4 f6 38. Rf3 Qf7 39. Rh3 Qxd5 40. Rh7+ Kg8 41. Rd7 Qe6+ 42. Bf5 Qe2+ 43. Kg3 Qe3+ 44. Kg4 Qf4+ 45. Kh5 Qh4+ 46. Kg6 Qh6# 0-1


[Site "https://www.chess.com"]

[Event "Titled Tuesday Blitz February 07 Early 2023"]
[White "Matveeva, Olga"]
[Black "Seletsky, Grigory"]
[WhiteFideId "24107018"]
[BlackFideId "14112191"]
[WhiteElo "2128"]
[BlackElo "2259"]
[Result "0-1"]
[Round "08"]
[TimeControl "180+2"]
[Date "2023.02.07"]
[WhiteClock "0:00:03"]
[BlackClock "0:00:21"]

1. d4 d6 2. Nf3 Nf6 3. c4 g6 4. g3 Bg7 5. Bg2 O-O 6. O-O Nc6 7. Nc3 a6 8. Qd3 Rb8 9. d5 Na7 10. e4 c5 11. a4 Bd7 12. Re1 Ng4 13. Bf4 Qc7 14. a5 b5 15. axb6 Rxb6 16. Ra2 Rfb8 17. Bc1 Nc8 18. h3 Ne5 19. Nxe5 Bxe5 20. Kh2 Bd4 21. f4 e6 22. e5 dxe5 23. fxe5 Bxe5 24. Rxe5 Qxe5 25. Bf4 Qd4 26. Qxd4 cxd4 27. Na4 Bxa4 28. Rxa4 exd5 29. Bxb8 Rxb8 30. Bxd5 Nb6 31. Rxa6 Nxd5 32. cxd5 Rxb2+ 33. Kg1 Kf8 34. Kf1 Ke7 35. Ke1 h5 36. Ra7+ Kd6 37. Rxf7 Kxd5 38. Rf6 Ke4 39. Rxg6 Rh2 40. g4 h4 41. Rd6 Rxh3 42. g5 Rg3 43. g6 h3 44. Kf2 Rg2+ 45. Kf1 Rg5 46. Kf2 h2 47. Re6+ Kd3 48. Re1 Rxg6 49. Rh1 Rh6 50. Kg3 Ke2 51. Kg2 d3 0-1


[Site "https://www.chess.com"]

[Event "Titled Tuesday Blitz February 07 Early 2023"]
[White "Gurevich, Dmitry"]
[Black "I_KID_you_not"]
[WhiteFideId "2000407"]
[WhiteElo "2393"]
[BlackElo "2342"]
[Result "1-0"]
[Round "08"]
[TimeControl "180+2"]
[Date "2023.02.07"]
[WhiteClock "0:00:30"]
[BlackClock "0:00:05"]

1. d4 Nf6 2. c4 c5 3. Nf3 cxd4 4. Nxd4 Nc6 5. Nc3 g6 6. g3 Bg7 7. Bg2 O-O 8. O-O Qa5 9. Nb3 Qh5 10. c5 a5 11. e4 a4 12. Qxh5 Nxh5 13. Nd2 a3 14. Rb1 Rd8 15. Nc4 axb2 16. Bxb2 d6 17. cxd6 Be6 18. dxe7 Nxe7 19. Nd5 Nxd5 20. exd5 Bf5 21. Ra1 Bd3 22. Rfc1 Bxc4 23. Bxg7 Bxd5 24. Bb2 Bxg2 25. Kxg2 Rd2 26. Be5 f6 27. Bc3 Rdxa2 28. Rab1 Rc8 29. Rxb7 Ra3 30. Bb2 Rxc1 31. Bxc1 Ra8 32. Bh6 g5 33. Kf3 Ra4 34. h3 1-0


[Site "https://www.chess.com"]

[Event "Titled Tuesday Blitz February 07 Early 2023"]
[White "Manon-og, Ramon Jr."]
[Black "Mirzanurov, Bulat"]
[WhiteFideId "5200776"]
[BlackFideId "4184521"]
[WhiteElo "1999"]
[BlackElo "2232"]
[Result "0-1"]
[Round "08"]
[TimeControl "180+2"]
[Date "2023.02.07"]
[WhiteClock "0:02:16"]
[BlackClock "0:01:45"]

1. e4 c5 2. Nf3 d6 3. Bb5+ Nd7 4. a4 a6 5. Bc4 Ngf6 6. a5 Nxe4 7. d3 Nef6 8. Bxf7+ Kxf7 9. Ng5+ Kg8 10. Ne6 Qe8 11. Nc7 Qg6 12. Nxa8 Qxg2 13. Rf1 Ne5 14. f4 Bg4 15. Qd2 Nf3+ 16. Rxf3 Qxf3 17. Nc3 Qh1+ 18. Kf2 Qxh2+ 19. Kf1 Bh3+ 20. Ke1 Qg1+ 21. Ke2 Bg4# 0-1


[Site "https://www.chess.com"]

[Event "Titled Tuesday Blitz February 07 Early 2023"]
[White "Fernandez, Michael"]
[Black "Rudzinska, Michalina"]
[WhiteFideId "5803560"]
[BlackFideId "1172883"]
[WhiteElo "2181"]
[BlackElo "2244"]
[Result "0-1"]
[Round "08"]
[TimeControl "180+2"]
[Date "2023.02.07"]
[WhiteClock "0:00:03"]
[BlackClock "0:00:28"]

1. d4 Nf6 2. c4 e6 3. Nf3 b6 4. g3 Bb7 5. Bg2 Bb4+ 6. Bd2 Be7 7. O-O O-O 8. Nc3 c6 9. e4 d5 10. cxd5 cxd5 11. e5 Ne4 12. Rc1 Nc6 13. Be3 Rc8 14. Nd2 Nxd2 15. Qxd2 Na5 16. Rc2 Nc4 17. Qd3 Bb4 18. Rfc1 Ba6 19. Bf4 Qd7 20. b3 Na3 21. Qxa6 Nxc2 22. Nb5 Rc6 23. Bf1 Ra8 24. Bd3 Ne1 25. Bb1 Rxc1 26. Bxc1 Nf3+ 27. Kg2 Nd2 28. Bd3 Ne4 29. a3 Be7 30. f3 Qc8 31. Be3 Qxa6 0-1


[Site "https://www.chess.com"]

[Event "Titled Tuesday Blitz February 07 Early 2023"]
[White "Andrews, Todd"]
[Black "Rose, Felix"]
[WhiteFideId "2012456"]
[BlackFideId "5105722"]
[WhiteElo "2220"]
[BlackElo "2091"]
[Result "1-0"]
[Round "08"]
[TimeControl "180+2"]
[Date "2023.02.07"]
[WhiteClock "0:01:12"]
[BlackClock "0:00:06"]

1. e4 e5 2. Nf3 Nc6 3. d4 exd4 4. Nxd4 Nf6 5. Nxc6 bxc6 6. e5 Qe7 7. Qe2 Nd5 8. c4 Ba6 9. h4 f6 10. exf6 Qxe2+ 11. Bxe2 Nxf6 12. Bf4 O-O-O 13. Nd2 Bb4 14. O-O-O Rhe8 15. Bd3 d5 16. Bf5+ Kb7 17. cxd5 cxd5 18. Rh3 Be2 19. Rb3 a5 20. Re1 Bc4 21. Rxe8 Rxe8 22. Nxc4 dxc4 23. Re3 Rxe3 24. Bxe3 g6 25. Be6 c3 26. Bd4 cxb2+ 27. Kxb2 Be7 28. f3 c5 29. Be5 Kc6 30. g4 Nd5 31. g5 Nb4 32. Bg3 Bd6 33. Bxd6 Kxd6 34. Bg8 Nd3+ 35. Kc3 Ne5 36. Bxh7 Nxf3 37. h5 gxh5 38. g6 Ke7 39. g7 Kf7 40. g8=Q+ 1-0


[Site "https://www.chess.com"]

[Event "Titled Tuesday Blitz February 07 Early 2023"]
[White "Ruiz Aguilar, Pablo Alexander"]
[Black "Tarasova, Viktoriya"]
[WhiteFideId "4401352"]
[BlackFideId "4175840"]
[WhiteElo "2161"]
[BlackElo "2226"]
[Result "0-1"]
[Round "08"]
[TimeControl "180+2"]
[Date "2023.02.07"]
[WhiteClock "0:00:05"]
[BlackClock "0:00:27"]

1. e4 c5 2. Nf3 d6 3. d4 cxd4 4. Nxd4 Nf6 5. Nc3 a6 6. Be2 e5 7. Nf3 Be7 8. Bg5 Nbd7 9. Nd2 b5 10. a4 b4 11. Na2 a5 12. c3 bxc3 13. Nxc3 O-O 14. O-O Nc5 15. Bxf6 Bxf6 16. Nc4 Be7 17. Nd5 Ba6 18. Nxe7+ Qxe7 19. Nb6 Rab8 20. Nd5 Qa7 21. Bxa6 Qxa6 22. Nc7 Qc6 23. Nb5 Nxe4 24. Rc1 Qa8 25. Rc7 d5 26. Qc2 Rbc8 27. Rc1 Rxc7 28. Qxc7 d4 29. f3 Nf6 30. Qxe5 d3 31. Rd1 Rd8 32. Qe3 Qd5 33. Nc3 Qd7 34. Nb5 h6 35. Kf2 Qd5 36. Nc3 Qc4 37. Rd2 Rd7 38. Qb6 Kh7 39. Qxa5 Qd4+ 40. Kf1 Qe3 0-1


[Site "https://www.chess.com"]

[Event "Titled Tuesday Blitz February 07 Early 2023"]
[White "Gatterer, Florian"]
[Black "Koridze, Lile"]
[WhiteFideId "811688"]
[BlackFideId "13612514"]
[WhiteElo "2170"]
[BlackElo "2191"]
[Result "1/2-1/2"]
[Round "08"]
[TimeControl "180+2"]
[Date "2023.02.07"]
[WhiteClock "0:02:29"]
[BlackClock "0:02:29"]

1. e4 c5 2. Nf3 d6 3. Bb5+ Nd7 4. O-O a6 5. Bd3 Ngf6 6. c3 g6 7. Bc2 Bg7 8. d4 cxd4 9. cxd4 O-O 10. Re1 e5 11. Nc3 b5 12. dxe5 Nxe5 1/2-1/2


[Site "https://www.chess.com"]

[Event "Titled Tuesday Blitz February 07 Early 2023"]
[White "Marchesich, Giovanni"]
[Black "Dinu, Dumitru-Daniel"]
[WhiteFideId "2824790"]
[BlackFideId "1208403"]
[WhiteElo "2217"]
[BlackElo "2203"]
[Result "0-1"]
[Round "08"]
[TimeControl "180+2"]
[Date "2023.02.07"]
[WhiteClock "0:00:02"]
[BlackClock "0:00:09"]

1. e4 d5 2. Nc3 dxe4 3. d3 exd3 4. Bxd3 Nf6 5. Nf3 Bg4 6. O-O Nc6 7. h3 Bxf3 8. Qxf3 e6 9. Bf4 Bd6 10. Rad1 O-O 11. Bg5 h6 12. Bh4 Qe7 13. Ne4 Be5 14. g4 Rad8 15. Qg2 g5 16. Bg3 Bxg3 17. fxg3 Nxe4 18. Qxe4 f5 19. gxf5 exf5 20. Qc4+ Kg7 21. Rde1 Qd6 22. Qc3+ Qd4+ 23. Qxd4+ Nxd4 24. c3 Nc6 25. Bxf5 Rd2 26. g4 Rxb2 27. Re6 Rf6 28. Re8 Rd2 29. Rfe1 Rd8 30. R8e4 Rdf8 31. Rd1 Rd6 32. Rde1 Rf7 33. Re8 Rd8 34. R8e6 Rf6 35. R6e4 Rfd6 36. Kf2 Rd2+ 37. R1e2 Rxe2+ 38. Rxe2 Rd6 39. Re8 Nd8 40. Re2 Nf7 41. c4 Kf6 42. Kf3 Ne5+ 43. Kg3 Nxc4 44. Re8 Ne5 45. Rf8+ Kg7 46. Rc8 Rc6 47. Re8 Nf7 48. Rb8 b6 49. Rb7 a5 50. a4 Nd6 51. Be6 Nxb7 52. Bd5 Rc3+ 0-1


[Site "https://www.chess.com"]

[Event "Titled Tuesday Blitz February 07 Early 2023"]
[White "Horak, Martin"]
[Black "Zaichenko, Daria"]
[WhiteFideId "367095"]
[BlackFideId "4197453"]
[WhiteElo "2266"]
[BlackElo "2104"]
[Result "1-0"]
[Round "08"]
[TimeControl "180+2"]
[Date "2023.02.07"]
[WhiteClock "0:00:13"]
[BlackClock "0:00:01"]

1. e4 c5 2. Nf3 Nc6 3. Bb5 g6 4. Bxc6 bxc6 5. d4 cxd4 6. Qxd4 Nf6 7. e5 Nd5 8. O-O Bg7 9. Qh4 O-O 10. Bh6 e6 11. Ng5 f6 12. exf6 Qxf6 13. c3 Ba6 14. Bxg7 Qxg7 15. Re1 Ne7 16. Nd2 Nf5 17. Qa4 Bb7 18. Ngf3 c5 19. Qb5 Bxf3 20. Nxf3 Rac8 21. Rad1 Rc7 22. Ne5 d6 23. Nf3 e5 24. h3 Qe7 25. a4 Rb7 26. Qc4+ Kh8 27. Rd2 Qf7 28. Qxf7 Rfxf7 29. Ng5 Rfd7 30. Ne4 Rbc7 31. Red1 Kg7 32. Nxd6 Nxd6 33. Rxd6 Rxd6 34. Rxd6 Rb7 35. Rd5 Rxb2 36. Rxc5 Rb3 37. Rxe5 Rxc3 38. Re7+ Kh6 39. Rxa7 Ra3 40. Kh2 Ra2 41. f3 Kg5 42. Kg3 h5 43. h4+ Kf5 44. Ra5+ Kf6 45. Ra6+ Kg7 46. a5 Kh7 47. Kh3 Kg7 48. Ra8 Ra3 49. Kg3 Kh7 50. Kf4 Ra4+ 51. Kg5 Ra2 52. g4 hxg4 53. fxg4 Ra4 54. Ra7+ Kh8 55. a6 1-0


[Site "https://www.chess.com"]

[Event "Titled Tuesday Blitz February 07 Early 2023"]
[White "Antonio, Jorge Carlos"]
[Black "Mushini Ajay"]
[WhiteFideId "113190"]
[BlackFideId "35066188"]
[WhiteElo "2277"]
[BlackElo "2310"]
[Result "0-1"]
[Round "08"]
[TimeControl "180+2"]
[Date "2023.02.07"]
[WhiteClock "0:01:34"]
[BlackClock "0:01:54"]

1. d4 Nf6 2. Nf3 g6 3. c4 Bg7 4. Nc3 O-O 5. e4 d6 6. Be2 Nc6 7. O-O e5 8. d5 Ne7 9. Ne1 Nd7 10. Be3 f5 11. f3 f4 12. Bf2 g5 13. Rc1 Rf7 14. c5 Nxc5 15. b4 Nd7 16. Nb5 Nf6 17. Nxc7 Rb8 18. Bxa7 Bd7 19. Bxb8 Qxb8 20. Ne6 g4 21. Qc2 Ng6 22. Qc7 Qa7+ 23. Kh1 Bxe6 24. Rc2 Rxc7 0-1


[Site "https://www.chess.com"]

[Event "Titled Tuesday Blitz February 07 Early 2023"]
[White "Good, Daniel"]
[Black "Begunov, Konstantin"]
[WhiteFideId "1302388"]
[BlackFideId "4118510"]
[WhiteElo "2141"]
[BlackElo "2325"]
[Result "0-1"]
[Round "08"]
[TimeControl "180+2"]
[Date "2023.02.07"]
[WhiteClock "0:00:04"]
[BlackClock "0:00:15"]

1. e4 c5 2. d4 cxd4 3. c3 Nf6 4. e5 Nd5 5. Nf3 Nc6 6. cxd4 d6 7. Bc4 Nb6 8. Bb5 d5 9. O-O Bg4 10. Be3 e6 11. h3 Bh5 12. Nbd2 Rc8 13. Rc1 a6 14. Bd3 Be7 15. a3 Na5 16. b4 Nac4 17. Qb3 Nxd2 18. Nxd2 O-O 19. f4 Bg6 20. f5 Bxf5 21. Bxf5 exf5 22. Qd3 Rxc1 23. Rxc1 Qd7 24. Nb3 Rc8 25. Nc5 Bxc5 26. dxc5 Na8 27. Rd1 Nc7 28. Rf1 g6 29. Bg5 Ne6 30. Bf6 d4 31. h4 Qb5 32. Qg3 Qe2 33. Rxf5 d3 34. Rf2 Qe1+ 35. Kh2 d2 36. Qf3 d1=Q 0-1


[Site "https://www.chess.com"]

[Event "Titled Tuesday Blitz February 07 Early 2023"]
[White "Alhadad, Mahmoud"]
[Black "Kalajzic, Ivan"]
[WhiteFideId "11501863"]
[BlackFideId "14506378"]
[WhiteElo "1840"]
[BlackElo "2062"]
[Result "1-0"]
[Round "08"]
[TimeControl "180+2"]
[Date "2023.02.07"]
[WhiteClock "0:00:05"]
[BlackClock "0:00:04"]

1. e4 c6 2. d4 d5 3. exd5 cxd5 4. Bd3 Nf6 5. c3 g6 6. Bf4 Bg7 7. Nd2 O-O 8. Ngf3 Nc6 9. O-O Bf5 10. Bxf5 gxf5 11. Ne5 Ne4 12. f3 Nd6 13. Qe1 Bf6 14. Bh6 Re8 15. Qg3+ Kh8 16. Qh3 Nxe5 17. dxe5 Bxe5 18. Rae1 Bf6 19. Nb3 Rg8 20. Nd4 Qb6 21. Be3 Nc4 22. Nxf5 Nxe3 23. Nxe3 e6 24. Re2 Rg6 25. Kh1 Rag8 26. Ng4 d4 27. Nxf6 Rxf6 28. Qh4 Rfg6 29. Qxd4+ Qxd4 30. cxd4 Rd8 31. Re4 Rg5 32. Rc1 Rgd5 33. Rc7 Rxd4 34. Rxd4 Rxd4 35. h3 Kg7 36. Rxb7 Rd2 37. a4 h5 38. b4 Rb2 39. b5 Kg6 40. Rxa7 f5 41. Ra6 Kg5 42. Rxe6 Rb4 43. Ra6 h4 44. b6 Kf4 45. Kh2 Rb2 46. a5 Ke3 47. Ra7 Kf2 48. Rf7 Kf1 49. Rg7 Rb5 50. b7 1-0


[Site "https://www.chess.com"]

[Event "Titled Tuesday Blitz February 07 Early 2023"]
[White "Adithya A Chullikkad"]
[Black "Buscar, Michael"]
[WhiteFideId "45078734"]
[BlackFideId "2603616"]
[WhiteElo "2259"]
[BlackElo "2041"]
[Result "1/2-1/2"]
[Round "08"]
[TimeControl "180+2"]
[Date "2023.02.07"]
[WhiteClock "0:01:16"]
[BlackClock "0:00:54"]

1. d4 Nf6 2. Bf4 e6 3. e3 c5 4. c3 cxd4 5. exd4 b6 6. Bd3 Bb7 7. f3 d6 8. Ne2 Be7 9. O-O Nbd7 10. Nd2 O-O 11. Ne4 Re8 12. Nxd6 Bxd6 13. Bxd6 e5 14. dxe5 Nxe5 15. Bxe5 Rxe5 16. Nd4 Qd5 17. Qc2 Rh5 18. Rad1 Qe5 19. h3 Nd5 20. Rfe1 Qg5 21. Qa4 Ne3 22. Rd2 Rxh3 23. Rde2 Qh4 24. gxh3 Qg3+ 25. Kh1 Qxh3+ 26. Kg1 Qg3+ 27. Kh1 Qh3+ 28. Kg1 Qg3+ 29. Kh1 Qh3+ 1/2-1/2


[Site "https://www.chess.com"]

[Event "Titled Tuesday Blitz February 07 Early 2023"]
[White "Tobares, Leandro"]
[Black "Eynullayev, Atilla"]
[WhiteFideId "106402"]
[BlackFideId "13413570"]
[WhiteElo "2189"]
[BlackElo "2281"]
[Result "1-0"]
[Round "08"]
[TimeControl "180+2"]
[Date "2023.02.07"]
[WhiteClock "0:01:38"]
[BlackClock "0:00:02"]

1. c4 Nf6 2. Nc3 g6 3. g3 Bg7 4. Bg2 O-O 5. Nf3 d6 6. O-O e5 7. d3 Nc6 8. Rb1 Ne7 9. c5 c6 10. cxd6 Qxd6 11. Bg5 h6 12. Bxf6 Qxf6 13. b4 a5 14. b5 c5 15. Nd2 Nf5 16. Nde4 Qe7 17. Nd5 Qd8 18. b6 Be6 19. Nc7 Bxa2 20. Rb2 Be6 21. Nxc5 e4 22. Ra2 Bxa2 23. Nxb7 Qf6 24. Nxa8 Rxa8 25. Bxe4 Rb8 26. Qa4 Be6 27. Qxa5 Nd4 28. e3 Ne2+ 29. Kg2 h5 30. Qa7 Qe5 31. Nc5 Bg4 32. d4 Qe8 33. h3 1-0


[Site "https://www.chess.com"]

[Event "Titled Tuesday Blitz February 07 Early 2023"]
[White "Womacka, Mathias"]
[Black "Theytookourjobs"]
[WhiteFideId "4611390"]
[WhiteElo "2396"]
[BlackElo "2291"]
[Result "1/2-1/2"]
[Round "08"]
[TimeControl "180+2"]
[Date "2023.02.07"]
[WhiteClock "0:00:03"]
[BlackClock "0:00:03"]

1. e4 e6 2. d4 d5 3. Nd2 Be7 4. Ngf3 Nf6 5. e5 Nfd7 6. Bd3 c5 7. c3 Nc6 8. O-O Qb6 9. dxc5 Nxc5 10. Bc2 O-O 11. Nb3 Nxb3 12. axb3 f6 13. Qd3 f5 14. b4 Bd7 15. Re1 Rac8 16. Bg5 Bxb4 17. Ba4 Bc5 18. Qd2 Qc7 19. Bxc6 Bxc6 20. Be3 Bxe3 21. Rxe3 a6 22. Nd4 f4 23. Rh3 Qxe5 24. Re1 Qf6 25. Nxe6 Bd7 26. Qxd5 Bxe6 27. Rxe6 Qf7 28. Rd3 Rcd8 29. Rd6 Qxd5 30. R3xd5 Rxd6 31. Rxd6 Re8 32. Kf1 Kf7 33. Rd7+ Re7 34. Rxe7+ Kxe7 35. Ke2 Ke6 36. Kf3 Kf5 37. g4+ fxg3 38. fxg3 b5 39. b4 g5 40. h3 h5 41. Ke3 Ke5 42. Kd3 Kd5 43. Ke3 Ke5 44. Kd3 Kd5 45. Ke3 Ke5 1/2-1/2


[Site "https://www.chess.com"]